 Dungeon Crawl Stone Soup version 0.27.1-35-g4d5d836560 (webtiles) character file.

Game seed: 4676458384940832009

4 cbfl8 the Sneak (level 1, -6/20 HPs)
             Began as a Minotaur Delver on Mar 18, 2022.
             Killed from afar by a white imp (8 damage)
             ... with a puff of frost
             ... on level 5 of the Dungeon.
             The game lasted 00:00:24 (29 turns).

cbfl8 the Sneak (Minotaur Delver)                     Turns: 29, Time: 00:00:25

Health: -6/20      AC:  3    Str: 16    XL:     1   Next: 50%
Magic:  0/0        EV: 11    Int:  7    God:
Gold:   0          SH:  0    Dex: 11    Spells: 0/0 levels left

rFire    . . .     SeeInvis .   a - +0 hand axe
rCold    . . .     Faith    .   (no shield)
rNeg     . . .     Spirit   .   b - +0 leather armour
rPois    .         Reflect  .   (helmet restricted)
rElec    .         Harm     .   (no cloak)
rCorr    .         Rampage  .   (no gloves)
Will     .....                  (no boots)
Stlth    ++........             (no amulet)
HPRegen  0.06/turn              (no ring)
MPRegen  0.07/turn              (no ring)

@: no status effects
A: horns 2, retaliatory headbutt
a: no special abilities


You were on level 5 of the Dungeon.
You visited 1 branch of the dungeon, and saw 1 of its levels.

Inventory:

Hand Weapons
 a - a +0 hand axe (weapon)
Armour
 b - a +0 leather armour (worn)
Wands
 g - a wand of digging (3)
Scrolls
 c - a scroll of fog
 d - a scroll of magic mapping
 e - a scroll of fear
Potions
 f - a potion of haste


   Skills:
 + Level 3.7 Fighting
 + Level 2.4 Axes
 + Level 2.1 Dodging
 + Level 4.2 Stealth


You couldn't memorise any spells.
You didn't know any spells.
Your spell library was empty.

Dungeon Overview and Level Annotations

Branches:
Dungeon (5/15)
 Temple: D:4-7

Altars:
The Shining One


Innate Abilities, Weirdness & Mutations

You have a pair of horns on your head.
You reflexively headbutt those who attack you in melee.


Message History

There is an open door here.
You hit the kobold zombie.
The kobold zombie is heavily damaged.
The kobold zombie barely misses you. You furiously retaliate!
You headbutt the kobold zombie. You hit the kobold zombie.
You destroy the kobold zombie!
You hit the white imp.
The white imp is lightly wounded.
You hit the goblin zombie. You hit the hobgoblin zombie.
The white imp hits you. The white imp freezes you.
The hobgoblin zombie barely misses you.
The goblin zombie hits you but does no damage.
You hit the white imp but do no damage. Your headbutt misses the white imp.
The white imp is lightly wounded.
You hit the hobgoblin zombie. You hit the goblin zombie.
The white imp hits you. The white imp freezes you.
The goblin zombie barely misses you. You furiously retaliate!
You headbutt the goblin zombie.
You destroy the goblin zombie!
The hobgoblin zombie completely misses you.
You furiously retaliate!
You headbutt the hobgoblin zombie.
You destroy the hobgoblin zombie!
You barely miss the white imp.
The white imp is lightly wounded.
You hit the orc zombie but do no damage.
The white imp misses you.
The orc zombie hits you but does no damage.
You hit the white imp.
The white imp is moderately wounded.
You hit the kobold zombie. You hit the hobgoblin zombie.
You hit the orc zombie but do no damage.
The white imp hits you.
* * * LOW HITPOINT WARNING * * *
The white imp freezes you.
* * * LOW HITPOINT WARNING * * *
The hobgoblin zombie closely misses you.
The white imp gestures at you. The puff of frost hits you!
You die...

##..... ###......
#....... . #.#...#
.#
######..(..###+#.#.
#..........#......#
#........##Z....#
#.........@5Z_..+
#........#ZZ.....#
#....>....#......#
#..^.......###.+#.##
##..........# #.. #
#................
####.###...... ...
#. ....### ### ..
##..


You could see a white imp, a hobgoblin zombie, a kobold zombie, an orc zombie
and a kobold skeleton.

Vanquished Creatures
  A goblin skeleton (D:5)
  2 goblin zombies (D:5)
  2 hobgoblin zombies (D:5)
  A kobold zombie (D:5)
6 creatures vanquished.

Notes
Turn   | Place    | Note
-------+----------+-------------------------------------------
     0 | D:5      | cbfl8 the Minotaur Delver began the quest for the Orb.
     0 | D:5      | Reached XP level 1. HP: 19/19 MP: 0/0
    22 | D:5      | Found a glowing golden altar of the Shining One.
    29 | D:5      | Killed from afar by a white imp

Illustrated notes

Levels and vault maps discovered:
D:5:      layout_rooms, nicolae_tso_besieged_by_evil,
          gammafunk_temple_overflow_statue, minmay_temple_entry_grid,
          uniq_edmund, uniq_duvessa, uniq_crazy_yiuf_cottage

Action                   || total
-------------------------++-------
Melee: Hand axe          ||    12
Armor: Leather armour    ||     5
Dodge: Dodged            ||     9
